Map: Submarine LE

Players

RAGNAROK (SHIN)

  • Race: Zerg Zerg
  • League: Grandmaster
  • Spawn Location: 11:00

Zest - Winner!

  • Race: Protoss Protoss
  • League: Master
  • Spawn Location: 5:00

Event: TSL 6

VOD

Have the link to the VOD?

Description

Time

  • Played on: Dec. 12, 2020, 9:28 a.m.
  • Length: 10:01

All games in this series

Show
View Real Time Build Order
Export as new Build Order

RAGNAROK Zerg 

Build Orders: Hatch First 

Get SALT Encoding   

  12  0:00  Drone  
  13  0:08  Drone  
  14  0:18  Overlord  
  14  0:22  Extractor  
  14  0:23  Drone  
  15  0:37  Drone x2  
  17  0:53  Hatchery  
  17  0:54  Drone  
  17  0:58  Drone  
  18  1:08  Extractor  
  17  1:13  Spawning Pool  
  17  1:16  Drone  
  17  1:19  Drone  
  18  1:26  Drone  
  19  1:37  Drone  
  20  1:51  Overlord  
  20  2:04  Queen  
  20  2:05  Queen  
  20  2:06  Zergling x2  
  20  2:07  Zergling x2  
  26  2:09  Zergling x2  
  26  2:12  Metabolic Boost  
  27  2:20  Drone x2  
  29  2:26  Drone  
  30  2:30  Drone  
  31  2:40  Hatchery, Drone  
  31  2:47  Drone x2  
  33  2:52  Queen  
  33  2:57  Overlord  
  35  2:59  Drone  
  35  3:15  Overlord  
  35  3:16  Drone x4  
  35  3:18  Drone  
  40  3:22  Roach Warren  
  40  3:23  Extractor  
  40  3:24  Drone  
  39  3:28  Drone  
  39  3:30  Drone  
  41  3:38  Drone  
  42  3:45  Drone x2  
  42  3:46  Drone x2  
  46  3:53  Drone x3  
  49  4:02  Overlord x2  
  49  4:03  Roach x3  
  49  4:06  Overlord  
  55  4:13  Overlord  
  55  4:21  Zergling x6  
  55  4:22  Zergling x4  
  60  4:25  Ravager  
  60  4:26  Zergling x6  
  60  4:29  Ravager  
  60  4:30  Zergling x4  
  67  4:32  Overlord  
  67  4:34  Zergling x6  
  70  4:41  Zergling x4  
  70  4:44  Ravager  
  73  4:47  Zergling x2  
  74  4:55  Zergling x12  
  74  4:59  Zergling x4  
  78  5:00  Zergling x2  
  78  5:05  Lair, Extractor  
  78  5:06  Extractor, Drone x3, Overlord  
  78  5:07  Drone x2  
  79  5:14  Overlord  
  79  5:15  Drone  
  79  5:16  Drone  
  79  5:19  Spore Crawler  
  81  5:21  Spore Crawler  
  81  5:27  Drone  
  81  5:30  Spore Crawler  
  81  5:32  Roach x4  
  81  5:33  Roach  
  81  5:34  Roach  
  92  5:38  Roach  
  92  5:39  Overlord  
  94  5:44  Drone  
  94  5:45  Roach  
  94  5:47  Overlord  
  94  5:49  Overlord  
  97  5:57  Overlord  
  97  5:58  Overlord  
  97  5:59  Zergling x6  
  97  6:02  Zergling x8  
  104  6:04  Glial Reconstitution  
  104  6:06  Zergling x2  
  104  6:09  Zergling x2  
  106  6:15  Zergling x10  
  106  6:18  Zergling x2  
  106  6:21  Zergling x4  
  107  6:25  Zergling x6  
  107  6:30  Roach  
  111  6:34  Roach x4  
  109  6:43  Zergling x2  
  109  6:45  Zergling x4  
  98  6:49  Zergling x12  
  98  6:51  Zergling x2  
  103  6:58  Ravager x4  
  103  7:00  Zergling x4  
  103  7:01  Zergling x2  
  103  7:09  Zergling x6  
  91  7:20  Roach x5  
  90  7:23  Drone x2  
  90  7:24  Drone  
  90  7:26  Drone  
  90  7:28  Drone  
  90  7:29  Drone  
  91  7:32  Drone  
  91  7:33  Drone  
  91  7:34  Drone  
  83  7:38  Drone  
  83  7:43  Drone x2  
  72  7:44  Drone x2  
  72  7:45  Drone  
  72  7:48  Drone  
  72  7:55  Drone x2  
  72  7:57  Drone x3  
  72  7:58  Drone x3  
  78  8:00  Ravager x3  
  78  8:02  Drone  
  80  8:06  Drone x2  
  80  8:08  Extractor  
  80  8:09  Extractor  
  80  8:12  Drone  
  81  8:15  Evolution Chamber  
  81  8:16  Baneling Nest  
  81  8:17  Roach x2  
  83  8:23  Zergling x4, Roach  
  87  8:28  Drone x3  
  87  8:31  Extractor, Ravager  
  87  8:32  Ravager  
  87  8:33  Zergling x10  
  96  8:39  Zergling x2  
  96  8:41  Ravager  
  98  8:42  Zergling x8  
  102  8:50  Zergling x2, Roach  
  105  8:59  Zergling x8  
  106  9:05  Zergling x4, Roach  
  106  9:08  Ravager x2  
  112  9:12  Zergling x2, Roach, Hatchery  
  112  9:16  Roach x2  
  117  9:19  Roach  
  111  9:24  Zergling x2, Roach  
  111  9:25  Zergling x8  
  111  9:28  Zergling x4  
  118  9:33  Roach  
  118  9:34  Roach x2  
  119  9:41  Roach x3  
  119  9:42  Roach  
  119  9:43  Ravager x3  
Show
View Real Time Build Order
Export as new Build Order

Zest Protoss - Winner!

Build Orders: 1 Gate Expand, Mass Adepts 

Get SALT Encoding   

  12  0:00  Probe  
  13  0:12  Probe  
  14  0:19  Pylon  
  14  0:24  Probe  
  15  0:37  Probe (Chrono Boost)  
  15  0:39  Gateway  
  16  0:47  Probe (Chrono Boost)  
  16  0:49  Assimilator  
  17  0:51  Probe (Chrono Boost)  
  18  1:03  Probe  
  19  1:15  Probe  
  20  1:25  Nexus  
  20  1:35  Cybernetics Core  
  20  1:37  Probe  
  21  1:43  Assimilator  
  21  1:49  Probe  
  21  1:53  Pylon  
  22  2:02  Probe (Chrono Boost)  
  22  2:08  Adept (Chrono Boost)  
  23  2:11  Warp Gate  
  23  2:13  Probe (Chrono Boost)  
  26  2:17  Probe (Chrono Boost)  
  26  2:22  Twilight Council  
  27  2:28  Probe  
  28  2:32  Stalker  
  30  2:37  Probe  
  30  2:40  Probe  
  32  2:51  Probe, Robotics Facility  
  32  2:52  Probe  
  34  3:03  Probe  
  34  3:04  Probe  
  36  3:06  Gateway  
  36  3:08  Adept  
  36  3:12  Resonating Glaives (Chrono Boost)  
  38  3:17  Probe x2  
  40  3:23  Gateway  
  40  3:29  Probe x2  
  42  3:35  Warp Prism (Chrono Boost)  
  42  3:41  Pylon  
  44  3:45  Pylon  
  44  3:46  Probe  
  45  3:48  Probe  
  46  3:57  Assimilator  
  46  3:59  Probe  
  46  4:01  Adept x2, Probe  
  52  4:04  Observer  
  53  4:10  Robotics Bay  
  53  4:11  Pylon  
  53  4:21  Adept x2  
  53  4:22  Adept  
  59  4:25  Pylon  
  59  4:29  Probe x2  
  61  4:34  Assimilator  
  61  4:43  Adept  
  61  4:44  Adept x2  
  63  4:56  Disruptor (Chrono Boost)  
  58  5:06  Adept  
  58  5:07  Adept x2  
  64  5:10  Shield Battery  
  64  5:12  Pylon  
  64  5:19  Gravitic Drive (Chrono Boost), Probe x2  
  66  5:22  Disruptor (Chrono Boost)  
  69  5:31  Probe  
  69  5:32  Observer, Probe, Pylon  
  71  5:37  Adept x3  
  77  5:45  Nexus  
  77  5:47  Pylon  
  77  5:57  Adept x3  
  77  6:02  Probe x2  
  85  6:04  Colossus (Chrono Boost)  
  85  6:06  Observer  
  91  6:20  Probe x2  
  93  6:32  Probe x2  
  93  6:43  Adept  
  93  6:44  Adept x2, Probe  
  93  6:45  Probe  
  85  6:50  Pylon  
  85  6:51  Shield Battery  
  85  6:53  Shield Battery  
  77  6:55  Colossus (Chrono Boost)  
  77  6:57  Probe  
  84  7:04  Adept x3  
  88  7:25  Adept x3  
  91  7:30  Gateway x2  
  91  7:32  Gateway  
  82  7:41  Colossus (Chrono Boost)  
  84  7:46  Adept x3  
  84  7:48  Probe x3, Blink (Chrono Boost)  
  93  8:06  Shield Battery  
  93  8:07  Adept  
  93  8:08  Sentry x2  
  93  8:10  Probe x3  
  93  8:12  Pylon  
  102  8:15  Gateway  
  102  8:16  Gateway  
  102  8:22  Probe x2  
  102  8:26  Assimilator  
  104  8:29  Sentry x3  
  104  8:30  Sentry, Assimilator  
  104  8:31  Immortal (Chrono Boost)  
  116  8:40  Forge  
  116  8:44  Observer  
  116  8:46  Pylon  
  116  8:49  Stalker x2  
  116  8:52  Pylon  
  120  9:00  Stalker x3  
  126  9:08  Stalker  
  128  9:10  Pylon  
  128  9:14  Stalker x4  
  136  9:33  Adept  
  136  9:34  Adept x3  
  142  9:41  Adept x2  
  142  9:42  Adept  
Tags
 
Add a new tag
Caveats
  • Supply blocks, unpowered buildings, or Contaminate may cause inaccurate times.
  • Supply counts are checked every 10 seconds.